 Dungeon Crawl Stone Soup version 0.16-a0-1120-gd281f79 (webtiles) character file.

13487 Ololoev the Impaler (level 12, -2/89 HPs)
             Began as a Merfolk Ice Elementalist on Oct 6, 2014.
             Was a High Priest of Okawaru.
             Slain by a 13-headed hydra (12 damage)
             ... on level 11 of the Dungeon.
             The game lasted 01:08:41 (14301 turns).

Ololoev the Impaler (Merfolk Ice Elementalist)     Turns: 14301, Time: 01:08:41

Health: -2/89      AC: 19    Str: 13    XL:     12   Next: 6%
Magic:  8/19       EV: 19    Int: 15    God:    Okawaru [*****.]
Gold:   771        SH:  0    Dex: 14    Spells: 3 memorised, 8 levels left

rFire  . . .     SeeInvis .     T - +3 glaive (protect)
rCold  . . .     Clarity  .     O - +0 troll leather armour
rNeg   . . .     SustAb   .     (no shield)
rPois  +         Gourm    .     (no helmet)
rElec  .         Spirit   .     h - +0 cloak
rCorr  .         Warding  .     d - +2 pair of gloves (curse)
rMut   .         Stasis   .     v - +0 pair of boots
MR     +....                    y - amulet of Zankill {Str+1 Dex-1 Slay+3 Regen}
Stlth  ++........               N - ring of poison resistance
                                j - ring of protection from magic

@: icy armour (expiring), very slightly contaminated, somewhat resistant to
hostile enchantments, unstealthy
A: change form in water, swift swim, frail 1, sense surroundings 1
a: Heroism, Finesse, Renounce Religion


You were on level 11 of the Dungeon.
You worshipped Okawaru.
Okawaru was extremely pleased with you.
You were very hungry.

You visited 3 branches of the dungeon, and saw 14 of its levels.
You also visited: Sewer.

You collected 1265 gold pieces.
You spent 494 gold pieces at shops.

Inventory:

Hand weapons
 T - a +3 glaive of protection (weapon)
Armour
 d - a cursed +2 pair of gloves (worn)
 h - a +0 cloak (worn)
 v - a +0 pair of boots (worn)
 O - a +0 troll leather armour (worn)
Magical devices
 z - a wand of digging (0)
 M - a wand of digging (17)
Comestibles
 c - 10 bread rations
 f - 2 chunks of orc flesh
 i - 8 meat rations
 A - 3 slices of pizza
 J - a fruit
 R - 6 beef jerkies
Scrolls
 a - 3 scrolls of magic mapping
 b - 3 scrolls of remove curse
 e - 3 scrolls of enchant weapon
 g - a scroll of fear {unknown}
 r - 2 scrolls of recharging
 s - a scroll of fog
 C - a scroll of immolation {unknown}
 D - 3 scrolls of teleportation
 F - 5 scrolls of blinking
 I - 2 scrolls of noise {unknown}
 L - 3 scrolls of summoning
 P - a scroll of brand weapon
 Q - a scroll of vulnerability {unknown}
 S - a scroll of enchant armour {unknown}
Jewellery
 j - a ring of protection from magic (left hand)
 n - an uncursed amulet of resist mutation
 y - the amulet of Zankill (around neck) {Str+1 Dex-1 Slay+3 Regen}
   (You found it on level 4 of the Dungeon)

   [amulet of regeneration]

   It affects your strength (+1).
   It affects your dexterity (-1).
   It affects your accuracy and damage with ranged weapons and melee attacks
   (+3).
   It increases your rate of regeneration.
 H - an uncursed ring of flight
 N - a ring of poison resistance (right hand)
Potions
 k - a potion of flight {unknown}
 l - 2 potions of brilliance {unknown}
 o - 3 potions of magic
 p - 2 potions of might
 q - 2 potions of curing
 t - 2 potions of haste {unknown}
 w - a potion of restore abilities
 x - 3 potions of cancellation
 B - 2 potions of berserk rage {unknown}
 E - a potion of agility {unknown}
 G - 3 potions of degeneration {unknown}
 K - a potion of confusion {unknown}


   Skills:
 - Level 10.7 Fighting
 * Level 16.2 Polearms
 - Level 12.8 Dodging
 - Level 2.1 Stealth
 - Level 2.6 Spellcasting
   Level 0.7 Conjurations
 - Level 2.2 Charms
 - Level 4.5 Ice Magic


You had 8 spell levels left.
You knew the following spells:

 Your Spells              Type           Power        Failure   Level  Hunger
a - Freeze                Ice            ###.         3%          1    #......
b - Ozocubu's Armour      Chrm/Ice       ##......     17%         3    ###....
c - Condensation Shield   Ice            ###.......   34%         4    #####..


Dungeon Overview and Level Annotations

Branches:
Dungeon (11/15)            Temple (1/1) D:6             Orc (2/4) D:9
   Lair (0/8) D:9

Altars:
Ashenzari
Cheibriados
Dithmenos
Elyvilon
Fedhas
Gozag
Kikubaaqudgha
Makhleb
Nemelex Xobeh
Okawaru
Qazlal
Ru
Trog
Vehumet
Xom
Yredelemnul
Zin
The Shining One
Beogh
Lugonu

Shops:
D:8 *   D:9 ([


Innate Abilities, Weirdness & Mutations

You revert to your normal form in water.
You are very nimble and swift while swimming.
You are frail (-10% HP).
You passively map a small area around you.


Message History

The 12-headed hydra closely misses you.
The 12-headed hydra bites you but does no damage.
The 12-headed hydra barely misses you.
You slice one of the 12-headed hydra's heads off!
The 11-headed hydra grows two more!
You slash the 13-headed hydra!
The 13-headed hydra is almost dead.
The tengu conjurer gestures at you while chanting.
The puff of flame hits you!
The heat melts your icy armour and shield.
Unknown command.
You barely miss the 13-headed hydra.
The 13-headed hydra is almost dead.
Your icy shield evaporates.
The 13-headed hydra closely misses you.
The 13-headed hydra completely misses you.
The 13-headed hydra bites you but does no damage.
The 13-headed hydra misses you. The 13-headed hydra bites you.
* * * LOW HITPOINT WARNING * * *
The 13-headed hydra bites you!
You die...

##.....# * *
,##....## #.,**
,##....# * #..# ,
* ##...# * #*.#
##....## #..# ,
##......# , #.Q##
,##.......# *
#D.##,
,##.........
,*#@.##
##.........# *
##..###.........##
##..#........###
##........###
#.#......###
#...##### #...#
###.# * #.#


You could see a 13-headed hydra and a tengu conjurer.

Vanquished Creatures
  Josephine (D:10)
  Erica (D:11)
  The ghost of nht the Martial Artist, an experienced MfTm of Nemelex Xobeh (D:7)
  2 hill giants (D:10)
  Maurice (D:9)
  An elephant (D:9)
  Grinder (D:3)
  A troll (D:9)
  A hungry ghost (D:9)
  12 yaks
  2 hippogriffs
  A wyvern (D:8)
  A wraith (D:10)
  3 wargs
  Menkaure (D:4)
  A sky beast (D:7)
  A necrophage (D:6)
  3 ice beasts
  A phantom (D:6)
  7 orc warriors
  A black bear (D:10)
  9 ogres
  4 centaurs
  Duvessa (D:8)
  3 crocodiles
  9 giant frogs
  An elf skeleton (D:8)
  2 big kobolds
  8 killer bees
  4 goliath beetles
  3 electric eels (D:10)
  2 vampire bats (D:4)
  5 wights (D:9)
  6 crimson imps
  Dowan (D:8)
  6 hounds
  2 human zombies (D:8)
  A giant frog zombie (D:6)
  2 iguanas (D:4)
  14 orc priests
  2 worker ants
  3 human skeletons
  18 orc wizards
  A quasit (D:10)
  A killer bee zombie (D:10)
  An ogre skeleton (D:6)
  A crocodile skeleton (D:10)
  A mummy (D:11)
  A hound skeleton (D:8)
  2 worker ant zombies
  7 gnolls (D:6)
  2 green rats (Sewer)
  18 adders
  5 shadow imps
  A big kobold simulacrum (D:10)
  3 giant mites
  A white imp (D:10)
  2 worms
  An ufetubus (D:10)
  2 orc zombies
  3 iguana skeletons
  An iguana simulacrum (D:10)
  3 oozes
  75 orcs
  4 bat zombies (D:4)
  23 goblins
  28 hobgoblins
  2 jackals (D:7)
  6 quokkas
  13 ball pythons
  9 bats
  12 giant cockroaches
  13 giant geckos
  6 giant newts
  A jackal skeleton (D:5)
  A jackal zombie (D:6)
  34 kobolds
  An orc skeleton (D:8)
  44 rats
  A rat skeleton (D:7)
480 creatures vanquished.

Vanquished Creatures (others)
  A giant frog skeleton (D:9)
  A rat skeleton (D:10)
2 creatures vanquished.

Grand Total: 482 creatures vanquished

Notes
Turn   | Place    | Note
--------------------------------------------------------------
     0 | D:1      | Ololoev, the Merfolk Ice Elementalist, began the quest for the Orb.
     0 | D:1      | Reached XP level 1. HP: 13/13 MP: 3/3
   244 | D:1      | Reached XP level 2. HP: 19/19 MP: 2/4
   470 | D:1      | Reached skill level 4 in Ice Magic
   607 | D:1      | Reached XP level 3. HP: 24/24 MP: 4/6
   612 | D:1      | Learned a level 3 spell: Ozocubu's Armour
  1729 | D:2      | Reached skill level 1 in Polearms
  1729 | D:2      | Reached XP level 4. HP: 23/30 MP: 8/8
  1917 | D:3      | Found a shadowy altar of Dithmenos.
  2014 | D:3      | Found a sparkling altar of Nemelex Xobeh.
  2055 | D:3      | Found a glowing drain.
  2225 | Sewer    | Entered a sewer
  2477 | Sewer    | Reached XP level 5. HP: 35/35 MP: 9/9
  2698 | Sewer    | Reached skill level 5 in Polearms
  2850 | Sewer    | Noticed a giant frog
  2872 | Sewer    | Reached skill level 6 in Polearms
  3093 | Sewer    | Reached XP level 6. HP: 41/41 MP: 9/11
  3099 | Sewer    | Noticed a giant frog
  3114 | Sewer    | Killed a giant frog
  3114 | Sewer    | Reached skill level 7 in Polearms
  3223 | Sewer    | Killed a giant frog
  3327 | D:3      | Reached skill level 8 in Polearms
  3675 | D:3      | Found a radiant altar of Vehumet.
  3729 | D:3      | Noticed Grinder
  3990 | D:3      | Reached XP level 7. HP: 46/46 MP: 13/13
  4183 | D:3      | Paralysed by Grinder for 3 turns
  4212 | D:3      | Killed Grinder
  4212 | D:3      | Reached skill level 10 in Polearms
  4382 | D:3      | Learned a level 4 spell: Condensation Shield
  4584 | D:3      | Found a burning altar of Makhleb.
  4587 | D:3      | Found a shattered altar of Ashenzari.
  4590 | D:3      | Found a glowing silver altar of Zin.
  4631 | D:3      | Found a glowing golden altar of the Shining One.
  4631 | D:3      | Found a bloodstained altar of Trog.
  4853 | D:4      | Found a roughly hewn altar of Beogh.
  5145 | D:4      | Reached skill level 1 in Charms
  5185 | D:4      | Got a fine emerald amulet
  5187 | D:4      | Identified the amulet of Zankill {Str+1 Dex-1 Slay+3 Regen} (You found it on level 4 of the Dungeon)
  5246 | D:4      | Reached XP level 8. HP: 52/52 MP: 14/14
  5312 | D:4      | Noticed Menkaure
  5323 | D:4      | Killed Menkaure
  5323 | D:4      | Reached skill level 11 in Polearms
  5576 | D:4      | Found an ancient bone altar of Kikubaaqudgha.
  5585 | D:4      | Reached skill level 1 in Fighting
  5694 | D:5      | Entered Level 5 of the Dungeon
  5838 | D:5      | Found a sparkling altar of Nemelex Xobeh.
  5960 | D:5      | Got a twisted leather armour
  5971 | D:5      | Identified the cursed +1 leather armour "Lobbu" {rN+ Int+2} (You found it on level 5 of the Dungeon)
  6187 | D:5      | Reached skill level 12 in Polearms
  6909 | D:6      | Reached skill level 5 in Dodging
  6909 | D:6      | Reached XP level 9. HP: 57/64 MP: 16/16
  7095 | D:6      | Reached skill level 13 in Polearms
  7115 | D:6      | Found a staircase to the Ecumenical Temple.
  7139 | Temple   | Entered the Ecumenical Temple
  7157 | Temple   | Became a worshipper of Warmaster Okawaru
  7578 | D:6      | Found a shadowy altar of Dithmenos.
  8170 | D:7      | Acquired Okawaru's first power
  8187 | D:7      | Noticed nht's ghost (experienced MfTm)
  8215 | D:7      | Killed nht's ghost
  8215 | D:7      | Reached skill level 5 in Fighting
  8215 | D:7      | Reached skill level 14 in Polearms
  8437 | D:7      | Reached XP level 10. HP: 67/76 MP: 17/17
  8484 | D:7      | Gained mutation: You are frail (-10% HP). [mutagenic meat]
  8485 | D:7      | Gained mutation: You passively map a small area around you. [mutagenic meat]
  8901 | D:8      | Found a sacrificial altar of Ru.
  9131 | D:8      | Noticed Dowan
  9140 | D:8      | Killed Dowan
  9142 | D:8      | Noticed Duvessa
  9160 | D:8      | Killed Duvessa
  9322 | D:8      | Found a sand-covered staircase.
  9373 | D:8      | Found an opulent altar of Gozag.
  9407 | D:8      | Found Zaties' General Store.
  9411 | D:8      | Bought a scroll of brand weapon for 300 gold pieces
  9411 | D:8      | Bought a scroll of summoning for 142 gold pieces
  9906 | D:9      | Found a staircase to the Lair.
  9907 | D:9      | Noticed an elephant
  9975 | D:9      | Found Ceusk's Weapon Boutique.
  9975 | D:9      | Found a staircase to the Orcish Mines.
 10034 | D:8      | Bought a scroll of magic mapping for 52 gold pieces
 10063 | D:9      | Found a snail-covered altar of Cheibriados.
 10173 | Orc:1    | Entered Level 1 of the Orcish Mines
 10494 | Orc:1    | Reached skill level 10 in Dodging
 11265 | Orc:2    | Found a roughly hewn altar of Beogh.
 11295 | Orc:2    | Noticed an orc knight
 11569 | D:9      | Reached XP level 11. HP: 73/80 MP: 18/18
 11592 | D:9      | Noticed Maurice
 11651 | D:9      | Killed Maurice
 11732 | D:9      | Got a slimy robe
 11744 | D:9      | Identified the +2 robe of the Mackerel {+Inv} (You found it on level 9 of the Dungeon)
 11797 | D:9      | Killed an elephant
 11797 | D:9      | Acquired Okawaru's second power
 11877 | D:9      | Found Ghat Fafu's Antique Armour Shop.
 11958 | D:9      | Reached skill level 10 in Fighting
 12366 | D:10     | Entered Level 10 of the Dungeon
 12673 | D:10     | Noticed Josephine
 12946 | D:10     | Got an uncursed steaming battleaxe {holy}
 12947 | D:10     | Identified the -1 battleaxe of Xonuqolyiwn {holy, Stlth+} (You took it off a centaur on level 10 of the Dungeon)
 12969 | D:10     | Noticed a hill giant
 12983 | D:10     | Killed a hill giant
 12983 | D:10     | Received a gift from Okawaru
 13147 | D:10     | Noticed a hill giant
 13159 | D:10     | Killed a hill giant
 13419 | D:10     | Reached skill level 15 in Polearms
 13875 | D:10     | Killed Josephine
 14158 | D:11     | Noticed Erica
 14174 | D:11     | Killed Erica
 14174 | D:11     | Reached skill level 16 in Polearms
 14174 | D:11     | Reached XP level 12. HP: 77/89 MP: 19/19
 14285 | D:11     | Noticed a seven-headed hydra
 14301 | D:11     | Slain by a 13-headed hydra

Action                   |  1- 3 |  4- 6 |  7- 9 | 10-12 || total
-------------------------+-------+-------+-------+-------++-------
Melee: Unarmed           |    90 |       |       |       ||    90
       Spear             |    29 |   257 |   657 |    42 ||   985
       Trident           |       |       |       |   905 ||   905
       Glaive            |       |       |       |   138 ||   138
Throw: Tomahawk          |     3 |       |       |       ||     3
 Cast: Freeze            |    56 |    40 |       |     3 ||    99
       Ozocubu's Armour  |       |     1 |     9 |     8 ||    18
       Condensation Shie |       |       |       |     1 ||     1
Evoke: Wand              |       |       |     1 |     6 ||     7
  Use: Scroll            |       |     7 |     2 |     9 ||    18
       Potion            |       |       |     1 |     5 ||     6
 Stab: Sleeping          |     7 |     4 |     4 |     4 ||    19
       Distracted        |       |       |       |     2 ||     2
  Eat: Chunk             |     3 |     8 |    16 |    21 ||    48
       Beef jerky        |       |       |     1 |     1 ||     2
       Royal jelly       |       |       |       |     1 ||     1
       Fruit             |       |       |       |     3 ||     3
